 Dungeon Crawl Stone Soup version 0.30-a0-169-g06f667207d (webtiles) character file.

Game seed: 6013708329089536506

174 qw the Chopper (level 5, 32/32 HPs)
             Began as a Gargoyle Fighter on Sept 29, 2022.
             Quit the game on level 3 of the Dungeon.
             The game lasted 00:07:13 (3279 turns).

qw the Chopper (Gargoyle Fighter)                   Turns: 3279, Time: 00:07:14

Health: 32/32      AC: 15    Str: 22    XL:     5   Next: 54%
Magic:  5/5        EV:  9    Int:  8    God:
Gold:   87         SH:  4    Dex:  9    Spells: 4/4 levels left

rFire   . . .      SeeInvis .    Y - +0 war axe
rCold   + . .      Faith    .    c - +0 buckler
rNeg    + . .      Spirit   .    b - +0 scale mail
rPois   inf        Reflect  .    (no helmet)
rElec   +          Harm     .    (no cloak)
rCorr   .          Rampage  .    (no gloves)
Will    .....                    h - +3 pair of mountain boots {steadfast, rC+}
Stlth   ..........               p - amulet of regeneration
HPRegen 0.90/turn                (no ring)
MPRegen 0.09/turn                (no ring)

@: no status effects
A: sickness immunity, AC +4, negative energy resistance 1, electricity
resistance, torment resistance 1, petrification resistance, high MP 1
a: no special abilities


You were on level 3 of the Dungeon.
You visited 1 branch of the dungeon, and saw 3 of its levels.

You collected 87 gold pieces.


Innate Abilities, Weirdness & Mutations

You are immune to sickness and miasma.
Your stone body is resilient. (AC +4)
You are immune to poison.
You resist negative energy. (rN+)
You are resistant to electric shocks. (rElec)
You are resistant to unholy torment.
You are immune to petrification.
You have an increased reservoir of magic. (+10% MP)


   Skills:
 - Level 3.2 Fighting
 + Level 4.8 Axes
 - Level 1.1 Throwing
 - Level 3.2 Armour
 - Level 3.2 Shields


You had 4 spell levels left.
You didn't know any spells.
Your spell library was empty.

Inventory:

Hand Weapons
 j - a +0 mace
 Y - a +0 war axe (weapon)
Missiles
 r - a javelin (quivered)
Armour
 b - a +0 scale mail (worn)
 c - a +0 buckler (worn)
 h - the +3 pair of mountain boots (worn) {steadfast, rC+}
   (You acquired it on level 1 of the Dungeon)

   It prevents involuntary movement, except for blinking, teleportation, or
   banishment.
   rC:        It protects you from cold.
Jewellery
 p - an amulet of regeneration (around neck)
Scrolls
 g - a scroll of identify
 l - a scroll of enchant armour
Potions
 d - a potion of might
 e - a potion of curing {unknown}
 f - a potion of mutation
 i - a potion of haste {unknown}
 k - a potion of attraction {unknown}
 m - a potion of berserk rage {unknown}
 n - a potion of heal wounds
 o - a potion of invisibility {unknown}

Dungeon Overview and Level Annotations

Branches:
Dungeon (3/15)

Altars:
Okawaru
Qazlal


Message History

Sorry, I don't know how to get there.
Sorry, I don't know how to get there.
3266 ||| Stepping randomly (stuck).
Sorry, I don't know how to get there.
Sorry, I don't know how to get there.
3267 ||| Stepping randomly (stuck).
Sorry, I don't know how to get there.
Sorry, I don't know how to get there.
3268 ||| Stepping randomly (stuck).
Sorry, I don't know how to get there.
Sorry, I don't know how to get there.
3269 ||| Stepping randomly (stuck).
Sorry, I don't know how to get there.
Sorry, I don't know how to get there.
3270 ||| Stepping randomly (stuck).
Sorry, I don't know how to get there.
Sorry, I don't know how to get there.
3271 ||| Stepping randomly (stuck).
Sorry, I don't know how to get there.
Sorry, I don't know how to get there.
3272 ||| Stepping randomly (stuck).
Sorry, I don't know how to get there.
Sorry, I don't know how to get there.
3273 ||| Stepping randomly (stuck).
Sorry, I don't know how to get there.
Sorry, I don't know how to get there.
3274 ||| Stepping randomly (stuck).
Sorry, I don't know how to get there.
Sorry, I don't know how to get there.
3275 ||| Stepping randomly (stuck).
Sorry, I don't know how to get there.
Sorry, I don't know how to get there.
3276 ||| Stepping randomly (stuck).
Sorry, I don't know how to get there.
Sorry, I don't know how to get there.
3277 ||| Stepping randomly (stuck).
Sorry, I don't know how to get there.
Sorry, I don't know how to get there.
3278 ||| Stepping randomly (stuck).
Are you sure you want to abandon this character and quit the game? (Confirm with "yes".)

.#####.......##
...##.........#
#.............######
#...###.......#....#
#...#.#....)..#....#
#..##.##......#<...#
...#)..#...........#
....###............#
...#...#........@..#
...##.##...........#
....#.#........#####
.....#....#..#.#
....###.....<#.#
.....#.......#.#
....#.#......#.#
...##.##........
...#...#..#.##...


There were no monsters in sight!

Vanquished Creatures
  Natasha (thrice) (D:3)
  4 adders
  3 dart slugs
  6 endoplasms
  3 giant cockroaches
  2 goblins (D:2)
  4 hobgoblins
  6 ball pythons
  6 bats
  7 frilled lizards
  12 kobolds
  5 rats
61 creatures vanquished.

Notes
Turn   | Place    | Note
-------+----------+-------------------------------------------
     0 | D:1      | qw the Gargoyle Fighter began the quest for the Orb.
     0 | D:1      | Reached XP level 1. HP: 14/14 MP: 1/1
     0 | D:1      | 0 ||| qw: Version: 0.2-a-12-gaebbb33
     0 | D:1      | 0 ||| qw: Game counter: 1351
     0 | D:1      | 0 ||| qw: Always use a shield: true
     0 | D:1      | 0 ||| qw: God list: Okawaru
     0 | D:1      | 0 ||| qw: Allow faded altars: false
     0 | D:1      | 0 ||| qw: Do Orc after D:15 true
     0 | D:1      | 0 ||| qw: Do second Lair branch before Depths: true
     0 | D:1      | 0 ||| qw: Lair rune preference: random
     0 | D:1      | 0 ||| qw: Plans: Normal, Zot:1-4, God:TSO, Crypt, Tomb,
                  | Pan, Slime:5, Hells, Abyss, Orb
     0 | D:1      | 0 ||| PLANNING D:1-11
    53 | D:1      | You fall into a shaft and drop 1 floor!
    87 | D:2      | 87 ||| Stepping ~*~*~tactically~*~*~ (stealth).
    93 | D:2      | Reached skill level 2 in Axes
   134 | D:2      | Reached XP level 2. HP: 17/19 MP: 2/2
   286 | D:2      | 286 ||| READING scroll labelled WENGIN LIOP.
   287 | D:2      | 287 ||| READING scroll labelled ILUPPO KAIRYFE.
   288 | D:2      | 288 ||| READING scroll labelled FEVEGI XERHA.
   291 | D:2      | Found a faded altar of an unknown god.
   292 | D:2      | 292 ||| DRINKING 2 glowing puce potions.
   292 | D:2      | Gained mutation: You have an increased reservoir of magic.
                  | (+10% MP) [potion of mutation]
   292 | D:2      | Gained mutation: You sometimes lose your temper in combat.
                  | [potion of mutation]
   292 | D:2      | Lost mutation: You sometimes lose your temper in combat.
                  | [potion of mutation]
   470 | D:1      | Reached skill level 3 in Axes
   564 | D:1      | Reached XP level 3. HP: 23/23 MP: 3/3
   638 | D:1      | 638 ||| Stepping ~*~*~tactically~*~*~ (stealth).
  1223 | D:1      | 1223 ||| UPGRADING to amulet of regeneration.
  1228 | D:1      | 1228 ||| READING 2 scrolls labelled YQEREPN KIER.
  1229 | D:1      | 1229 ||| READING scroll labelled ULETSISS FUOR.
  1229 | D:1      | Identified a scroll of acquirement
  1229 | D:1      | 1229 ||| ACQUIRING +3 pair of mountain boots {steadfast,
                  | rC+}
  1229 | D:1      | Acquired the +3 pair of mountain boots {steadfast, rC+}
  1229 | D:1      | Found the +3 pair of mountain boots {steadfast, rC+}
  1231 | D:1      | 1231 ||| UPGRADING to +3 pair of mountain boots {steadfast,
                  | rC+}.
  1236 | D:1      | 1236 ||| READING 2 scrolls labelled KOACVE YRED.
  1237 | D:1      | 1237 ||| READING scroll labelled NAESUY MEAT.
  1238 | D:1      | 1238 ||| DROPPING scroll of poison.
  1296 | D:2      | 1296 ||| Stepping ~*~*~tactically~*~*~ (stealth).
  1300 | D:2      | 1300 ||| Stepping ~*~*~tactically~*~*~ (stealth).
  1342 | D:2      | Reached XP level 4. HP: 28/28 MP: 4/4
  1796 | D:3      | Reached skill level 4 in Axes
  1810 | D:3      | Noticed Natasha
  1821 | D:3      | Killed Natasha
  1823 | D:3      | Reached XP level 5. HP: 32/32 MP: 5/5
  1828 | D:3      | Noticed Natasha
  1846 | D:3      | Killed Natasha
  1981 | D:3      | 1981 ||| Stepping ~*~*~tactically~*~*~ (stealth).
  1983 | D:3      | 1983 ||| Stepping ~*~*~tactically~*~*~ (hiding).
  1985 | D:3      | 1985 ||| Stepping ~*~*~tactically~*~*~ (hiding).
  2029 | D:3      | Found an iron altar of Okawaru.
  2030 | D:3      | 2030 ||| PLANNING OKAWARU WORSHIP
  2030 | D:3      | 2030 ||| READING scroll labelled CAEMUE MOHURE.
  2035 | D:3      | 2035 ||| READING scroll of teleportation.
  2040 | D:3      | 2040 ||| Stepping randomly (stuck).
  2041 | D:3      | 2041 ||| Stepping randomly (stuck).
  2042 | D:3      | 2042 ||| Stepping randomly (stuck).
  2043 | D:3      | 2043 ||| Stepping randomly (stuck).
  2044 | D:3      | 2044 ||| Stepping randomly (stuck).
  2045 | D:3      | 2045 ||| Stepping randomly (stuck).
  2046 | D:3      | 2046 ||| Stepping randomly (stuck).
  2047 | D:3      | 2047 ||| Stepping randomly (stuck).
  2048 | D:3      | 2048 ||| Stepping randomly (stuck).
  2049 | D:3      | 2049 ||| Stepping randomly (stuck).
  2050 | D:3      | 2050 ||| Stepping randomly (stuck).
  2051 | D:3      | 2051 ||| Stepping randomly (stuck).
  2052 | D:3      | 2052 ||| Stepping randomly (stuck).
  2053 | D:3      | 2053 ||| Stepping randomly (stuck).
  2054 | D:3      | 2054 ||| Stepping randomly (stuck).
  2055 | D:3      | 2055 ||| Stepping randomly (stuck).
  2056 | D:3      | 2056 ||| Stepping randomly (stuck).
  2057 | D:3      | 2057 ||| Stepping randomly (stuck).
  2058 | D:3      | 2058 ||| Stepping randomly (stuck).
  2059 | D:3      | 2059 ||| Stepping randomly (stuck).
  2060 | D:3      | 2060 ||| Stepping randomly (stuck).
  2061 | D:3      | 2061 ||| Stepping randomly (stuck).
  2062 | D:3      | 2062 ||| Stepping randomly (stuck).
  2063 | D:3      | 2063 ||| Stepping randomly (stuck).
  2064 | D:3      | 2064 ||| Stepping randomly (stuck).
  2065 | D:3      | 2065 ||| Stepping randomly (stuck).
  2066 | D:3      | 2066 ||| Stepping randomly (stuck).
  2067 | D:3      | 2067 ||| Stepping randomly (stuck).
  2068 | D:3      | 2068 ||| Stepping randomly (stuck).
  2069 | D:3      | 2069 ||| Stepping randomly (stuck).
  2070 | D:3      | 2070 ||| Stepping randomly (stuck).
  2071 | D:3      | 2071 ||| Stepping randomly (stuck).
  2072 | D:3      | 2072 ||| Stepping randomly (stuck).
  2073 | D:3      | 2073 ||| Stepping randomly (stuck).
  2074 | D:3      | 2074 ||| Stepping randomly (stuck).
  2075 | D:3      | 2075 ||| Stepping randomly (stuck).
  2076 | D:3      | 2076 ||| Stepping randomly (stuck).
  2077 | D:3      | 2077 ||| Stepping randomly (stuck).
  2078 | D:3      | 2078 ||| Stepping randomly (stuck).
  2079 | D:3      | 2079 ||| Stepping randomly (stuck).
  2080 | D:3      | 2080 ||| Stepping randomly (stuck).
  2081 | D:3      | 2081 ||| Stepping randomly (stuck).
  2082 | D:3      | 2082 ||| Stepping randomly (stuck).
  2083 | D:3      | 2083 ||| Stepping randomly (stuck).
  2084 | D:3      | 2084 ||| Stepping randomly (stuck).
  2085 | D:3      | 2085 ||| Stepping randomly (stuck).
  2086 | D:3      | 2086 ||| Stepping randomly (stuck).
  2087 | D:3      | 2087 ||| Stepping randomly (stuck).
  2088 | D:3      | 2088 ||| Stepping randomly (stuck).
  2089 | D:3      | 2089 ||| Stepping randomly (stuck).
  2090 | D:3      | 2090 ||| Stepping randomly (stuck).
  2091 | D:3      | 2091 ||| Stepping randomly (stuck).
  2092 | D:3      | 2092 ||| Stepping randomly (stuck).
  2093 | D:3      | 2093 ||| Stepping randomly (stuck).
  2094 | D:3      | 2094 ||| Stepping randomly (stuck).
  2095 | D:3      | 2095 ||| Stepping randomly (stuck).
  2096 | D:3      | 2096 ||| Stepping randomly (stuck).
  2097 | D:3      | 2097 ||| Stepping randomly (stuck).
  2098 | D:3      | 2098 ||| Stepping randomly (stuck).
  2099 | D:3      | 2099 ||| Stepping randomly (stuck).
  2100 | D:3      | 2100 ||| Stepping randomly (stuck).
  2101 | D:3      | 2101 ||| Stepping randomly (stuck).
  2102 | D:3      | 2102 ||| Stepping randomly (stuck).
  2103 | D:3      | 2103 ||| Stepping randomly (stuck).
  2104 | D:3      | 2104 ||| Stepping randomly (stuck).
  2105 | D:3      | 2105 ||| Stepping randomly (stuck).
  2106 | D:3      | 2106 ||| Stepping randomly (stuck).
  2107 | D:3      | 2107 ||| Stepping randomly (stuck).
  2108 | D:3      | 2108 ||| Stepping randomly (stuck).
  2109 | D:3      | 2109 ||| Stepping randomly (stuck).
  2110 | D:3      | 2110 ||| Stepping randomly (stuck).
  2111 | D:3      | 2111 ||| Stepping randomly (stuck).
  2112 | D:3      | 2112 ||| Stepping randomly (stuck).
  2113 | D:3      | 2113 ||| Stepping randomly (stuck).
  2114 | D:3      | 2114 ||| Stepping randomly (stuck).
  2115 | D:3      | 2115 ||| Stepping randomly (stuck).
  2116 | D:3      | 2116 ||| Stepping randomly (stuck).
  2117 | D:3      | 2117 ||| Stepping randomly (stuck).
  2118 | D:3      | 2118 ||| Stepping randomly (stuck).
  2119 | D:3      | 2119 ||| Stepping randomly (stuck).
  2120 | D:3      | 2120 ||| Stepping randomly (stuck).
  2121 | D:3      | 2121 ||| Stepping randomly (stuck).
  2122 | D:3      | 2122 ||| Stepping randomly (stuck).
  2123 | D:3      | 2123 ||| Stepping randomly (stuck).
  2124 | D:3      | 2124 ||| Stepping randomly (stuck).
  2125 | D:3      | 2125 ||| Stepping randomly (stuck).
  2126 | D:3      | 2126 ||| Stepping randomly (stuck).
  2127 | D:3      | 2127 ||| Stepping randomly (stuck).
  2128 | D:3      | 2128 ||| Stepping randomly (stuck).
  2129 | D:3      | 2129 ||| Stepping randomly (stuck).
  2130 | D:3      | 2130 ||| Stepping randomly (stuck).
  2131 | D:3      | 2131 ||| Stepping randomly (stuck).
  2132 | D:3      | 2132 ||| Stepping randomly (stuck).
  2133 | D:3      | 2133 ||| Stepping randomly (stuck).
  2134 | D:3      | 2134 ||| Stepping randomly (stuck).
  2135 | D:3      | 2135 ||| Stepping randomly (stuck).
  2136 | D:3      | 2136 ||| Stepping randomly (stuck).
  2137 | D:3      | 2137 ||| Stepping randomly (stuck).
  2138 | D:3      | 2138 ||| Stepping randomly (stuck).
  2139 | D:3      | 2139 ||| Stepping randomly (stuck).
  2140 | D:3      | 2140 ||| Stepping randomly (stuck).
  2141 | D:3      | 2141 ||| Stepping randomly (stuck).
  2142 | D:3      | 2142 ||| Stepping randomly (stuck).
  2143 | D:3      | 2143 ||| Stepping randomly (stuck).
  2144 | D:3      | 2144 ||| Stepping randomly (stuck).
  2145 | D:3      | 2145 ||| Stepping randomly (stuck).
  2146 | D:3      | 2146 ||| Stepping randomly (stuck).
  2147 | D:3      | 2147 ||| Stepping randomly (stuck).
  2147 | D:3      | Noticed Natasha
  2148 | D:3      | 2148 ||| FLEEEEING.
  2149 | D:3      | 2149 ||| FLEEEEING.
  2150 | D:3      | 2150 ||| FLEEEEING.
  2151 | D:3      | 2151 ||| FLEEEEING.
  2152 | D:3      | 2152 ||| FLEEEEING.
  2153 | D:3      | 2153 ||| FLEEEEING.
  2154 | D:3      | 2154 ||| FLEEEEING.
  2155 | D:3      | 2155 ||| FLEEEEING.
  2156 | D:3      | 2156 ||| FLEEEEING.
  2157 | D:3      | 2157 ||| FLEEEEING.
  2158 | D:3      | 2158 ||| FLEEEEING.
  2166 | D:3      | Killed Natasha
  2167 | D:3      | Reached skill level 1 in Throwing
  2268 | D:3      | 2268 ||| Stepping randomly (stuck).
  2269 | D:3      | 2269 ||| Stepping randomly (stuck).
  2270 | D:3      | 2270 ||| Stepping randomly (stuck).
  2271 | D:3      | 2271 ||| Stepping randomly (stuck).
  2272 | D:3      | 2272 ||| Stepping randomly (stuck).
  2273 | D:3      | 2273 ||| Stepping randomly (stuck).
  2274 | D:3      | 2274 ||| Stepping randomly (stuck).
  2275 | D:3      | 2275 ||| Stepping randomly (stuck).
  2276 | D:3      | 2276 ||| Stepping randomly (stuck).
  2277 | D:3      | 2277 ||| Stepping randomly (stuck).
  2278 | D:3      | 2278 ||| Stepping randomly (stuck).
  2279 | D:3      | 2279 ||| Stepping randomly (stuck).
  2280 | D:3      | 2280 ||| Stepping randomly (stuck).
  2281 | D:3      | 2281 ||| Stepping randomly (stuck).
  2282 | D:3      | 2282 ||| Stepping randomly (stuck).
  2283 | D:3      | 2283 ||| Stepping randomly (stuck).
  2284 | D:3      | 2284 ||| Stepping randomly (stuck).
  2285 | D:3      | 2285 ||| Stepping randomly (stuck).
  2286 | D:3      | 2286 ||| Stepping randomly (stuck).
  2287 | D:3      | 2287 ||| Stepping randomly (stuck).
  2288 | D:3      | 2288 ||| Stepping randomly (stuck).
  2289 | D:3      | 2289 ||| Stepping randomly (stuck).
  2290 | D:3      | 2290 ||| Stepping randomly (stuck).
  2291 | D:3      | 2291 ||| Stepping randomly (stuck).
  2292 | D:3      | 2292 ||| Stepping randomly (stuck).
  2293 | D:3      | 2293 ||| Stepping randomly (stuck).
  2294 | D:3      | 2294 ||| Stepping randomly (stuck).
  2295 | D:3      | 2295 ||| Stepping randomly (stuck).
  2296 | D:3      | 2296 ||| Stepping randomly (stuck).
  2297 | D:3      | 2297 ||| Stepping randomly (stuck).
  2298 | D:3      | 2298 ||| Stepping randomly (stuck).
  2299 | D:3      | 2299 ||| Stepping randomly (stuck).
  2300 | D:3      | 2300 ||| Stepping randomly (stuck).
  2301 | D:3      | 2301 ||| Stepping randomly (stuck).
  2302 | D:3      | 2302 ||| Stepping randomly (stuck).
  2303 | D:3      | 2303 ||| Stepping randomly (stuck).
  2304 | D:3      | 2304 ||| Stepping randomly (stuck).
  2305 | D:3      | 2305 ||| Stepping randomly (stuck).
  2306 | D:3      | 2306 ||| Stepping randomly (stuck).
  2307 | D:3      | 2307 ||| Stepping randomly (stuck).
  2308 | D:3      | 2308 ||| Stepping randomly (stuck).
  2309 | D:3      | 2309 ||| Stepping randomly (stuck).
  2310 | D:3      | 2310 ||| Stepping randomly (stuck).
  2311 | D:3      | 2311 ||| Stepping randomly (stuck).
  2312 | D:3      | 2312 ||| Stepping randomly (stuck).
  2313 | D:3      | 2313 ||| Stepping randomly (stuck).
  2314 | D:3      | 2314 ||| Stepping randomly (stuck).
  2315 | D:3      | 2315 ||| Stepping randomly (stuck).
  2316 | D:3      | 2316 ||| Stepping randomly (stuck).
  2317 | D:3      | 2317 ||| Stepping randomly (stuck).
  2318 | D:3      | 2318 ||| Stepping randomly (stuck).
  2319 | D:3      | 2319 ||| Stepping randomly (stuck).
  2320 | D:3      | 2320 ||| Stepping randomly (stuck).
  2321 | D:3      | 2321 ||| Stepping randomly (stuck).
  2322 | D:3      | 2322 ||| Stepping randomly (stuck).
  2323 | D:3      | 2323 ||| Stepping randomly (stuck).
  2324 | D:3      | 2324 ||| Stepping randomly (stuck).
  2325 | D:3      | 2325 ||| Stepping randomly (stuck).
  2326 | D:3      | 2326 ||| Stepping randomly (stuck).
  2327 | D:3      | 2327 ||| Stepping randomly (stuck).
  2328 | D:3      | 2328 ||| Stepping randomly (stuck).
  2329 | D:3      | 2329 ||| Stepping randomly (stuck).
  2330 | D:3      | 2330 ||| Stepping randomly (stuck).
  2331 | D:3      | 2331 ||| Stepping randomly (stuck).
  2332 | D:3      | 2332 ||| Stepping randomly (stuck).
  2333 | D:3      | 2333 ||| Stepping randomly (stuck).
  2333 | D:3      | Noticed a fire elemental
  2334 | D:3      | 2334 ||| Stepping randomly (stuck).
  2335 | D:3      | 2335 ||| Stepping randomly (stuck).
  2336 | D:3      | 2336 ||| Stepping randomly (stuck).
  2337 | D:3      | 2337 ||| Stepping randomly (stuck).
  2338 | D:3      | 2338 ||| Stepping randomly (stuck).
  2339 | D:3      | 2339 ||| Stepping randomly (stuck).
  2339 | D:3      | Found a stormy altar of Qazlal.
  2340 | D:3      | 2340 ||| Stepping randomly (stuck).
  2341 | D:3      | 2341 ||| Stepping randomly (stuck).
  2342 | D:3      | 2342 ||| Stepping randomly (stuck).
  2343 | D:3      | 2343 ||| Stepping randomly (stuck).
  2344 | D:3      | 2344 ||| Stepping randomly (stuck).
  2345 | D:3      | 2345 ||| Stepping randomly (stuck).
  2346 | D:3      | 2346 ||| Stepping randomly (stuck).
  2347 | D:3      | 2347 ||| Stepping randomly (stuck).
  2348 | D:3      | 2348 ||| Stepping randomly (stuck).
  2349 | D:3      | 2349 ||| Stepping randomly (stuck).
  2350 | D:3      | 2350 ||| Stepping randomly (stuck).
  2351 | D:3      | 2351 ||| Stepping randomly (stuck).
  2352 | D:3      | 2352 ||| Stepping randomly (stuck).
  2353 | D:3      | 2353 ||| Stepping randomly (stuck).
  2354 | D:3      | 2354 ||| Stepping randomly (stuck).
  2355 | D:3      | 2355 ||| Stepping randomly (stuck).
  2356 | D:3      | 2356 ||| Stepping randomly (stuck).
  2357 | D:3      | 2357 ||| Stepping randomly (stuck).
  2358 | D:3      | 2358 ||| Stepping randomly (stuck).
  2359 | D:3      | 2359 ||| Stepping randomly (stuck).
  2360 | D:3      | 2360 ||| Stepping randomly (stuck).
  2361 | D:3      | 2361 ||| Stepping randomly (stuck).
  2362 | D:3      | 2362 ||| Stepping randomly (stuck).
  2363 | D:3      | 2363 ||| Stepping randomly (stuck).
  2364 | D:3      | 2364 ||| Stepping randomly (stuck).
  2365 | D:3      | 2365 ||| Stepping randomly (stuck).
  2366 | D:3      | 2366 ||| Stepping randomly (stuck).
  2367 | D:3      | 2367 ||| Stepping randomly (stuck).
  2368 | D:3      | 2368 ||| Stepping randomly (stuck).
  2369 | D:3      | 2369 ||| Stepping randomly (stuck).
  2370 | D:3      | 2370 ||| Stepping randomly (stuck).
  2371 | D:3      | 2371 ||| Stepping randomly (stuck).
  2372 | D:3      | 2372 ||| Stepping randomly (stuck).
  2373 | D:3      | 2373 ||| Stepping randomly (stuck).
  2374 | D:3      | 2374 ||| Stepping randomly (stuck).
  2375 | D:3      | 2375 ||| Stepping randomly (stuck).
  2376 | D:3      | 2376 ||| Stepping randomly (stuck).
  2377 | D:3      | 2377 ||| Stepping randomly (stuck).
  2378 | D:3      | 2378 ||| Stepping randomly (stuck).
  2379 | D:3      | 2379 ||| Stepping randomly (stuck).
  2380 | D:3      | 2380 ||| Stepping randomly (stuck).
  2381 | D:3      | 2381 ||| Stepping randomly (stuck).
  2382 | D:3      | 2382 ||| Stepping randomly (stuck).
  2383 | D:3      | 2383 ||| Stepping randomly (stuck).
  2384 | D:3      | 2384 ||| Stepping randomly (stuck).
  2385 | D:3      | 2385 ||| Stepping randomly (stuck).
  2386 | D:3      | 2386 ||| Stepping randomly (stuck).
  2387 | D:3      | 2387 ||| Stepping randomly (stuck).
  2388 | D:3      | 2388 ||| Stepping randomly (stuck).
  2389 | D:3      | 2389 ||| Stepping randomly (stuck).
  2390 | D:3      | 2390 ||| Stepping randomly (stuck).
  2391 | D:3      | 2391 ||| Stepping randomly (stuck).
  2392 | D:3      | 2392 ||| Stepping randomly (stuck).
  2393 | D:3      | 2393 ||| Stepping randomly (stuck).
  2394 | D:3      | 2394 ||| Stepping randomly (stuck).
  2395 | D:3      | 2395 ||| Stepping randomly (stuck).
  2396 | D:3      | 2396 ||| Stepping randomly (stuck).
  2397 | D:3      | 2397 ||| Stepping randomly (stuck).
  2398 | D:3      | 2398 ||| Stepping randomly (stuck).
  2399 | D:3      | 2399 ||| Stepping randomly (stuck).
  2400 | D:3      | 2400 ||| Stepping randomly (stuck).
  2401 | D:3      | 2401 ||| Stepping randomly (stuck).
  2402 | D:3      | 2402 ||| Stepping randomly (stuck).
  2403 | D:3      | 2403 ||| Stepping randomly (stuck).
  2404 | D:3      | 2404 ||| Stepping randomly (stuck).
  2405 | D:3      | 2405 ||| Stepping randomly (stuck).
  2406 | D:3      | 2406 ||| Stepping randomly (stuck).
  2407 | D:3      | 2407 ||| Stepping randomly (stuck).
  2408 | D:3      | 2408 ||| Stepping randomly (stuck).
  2409 | D:3      | 2409 ||| Stepping randomly (stuck).
  2410 | D:3      | 2410 ||| Stepping randomly (stuck).
  2411 | D:3      | 2411 ||| Stepping randomly (stuck).
  2412 | D:3      | 2412 ||| Stepping randomly (stuck).
  2413 | D:3      | 2413 ||| Stepping randomly (stuck).
  2414 | D:3      | 2414 ||| Stepping randomly (stuck).
  2415 | D:3      | 2415 ||| Stepping randomly (stuck).
  2416 | D:3      | 2416 ||| Stepping randomly (stuck).
  2417 | D:3      | 2417 ||| Stepping randomly (stuck).
  2418 | D:3      | 2418 ||| Stepping randomly (stuck).
  2419 | D:3      | 2419 ||| Stepping randomly (stuck).
  2420 | D:3      | 2420 ||| Stepping randomly (stuck).
  2421 | D:3      | 2421 ||| Stepping randomly (stuck).
  2422 | D:3      | 2422 ||| Stepping randomly (stuck).
  2423 | D:3      | 2423 ||| Stepping randomly (stuck).
  2424 | D:3      | 2424 ||| Stepping randomly (stuck).
  2425 | D:3      | 2425 ||| Stepping randomly (stuck).
  2426 | D:3      | 2426 ||| Stepping randomly (stuck).
  2427 | D:3      | 2427 ||| Stepping randomly (stuck).
  2428 | D:3      | 2428 ||| Stepping randomly (stuck).
  2429 | D:3      | 2429 ||| Stepping randomly (stuck).
  2430 | D:3      | 2430 ||| Stepping randomly (stuck).
  2431 | D:3      | 2431 ||| Stepping randomly (stuck).
  2432 | D:3      | 2432 ||| Stepping randomly (stuck).
  2433 | D:3      | 2433 ||| Stepping randomly (stuck).
  2434 | D:3      | 2434 ||| Stepping randomly (stuck).
  2435 | D:3      | 2435 ||| Stepping randomly (stuck).
  2436 | D:3      | 2436 ||| Stepping randomly (stuck).
  2437 | D:3      | 2437 ||| Stepping randomly (stuck).
  2438 | D:3      | 2438 ||| Stepping randomly (stuck).
  2439 | D:3      | 2439 ||| Stepping randomly (stuck).
  2440 | D:3      | 2440 ||| Stepping randomly (stuck).
  2441 | D:3      | 2441 ||| Stepping randomly (stuck).
  2442 | D:3      | 2442 ||| Stepping randomly (stuck).
  2443 | D:3      | 2443 ||| Stepping randomly (stuck).
  2444 | D:3      | 2444 ||| Stepping randomly (stuck).
  2445 | D:3      | 2445 ||| Stepping randomly (stuck).
  2446 | D:3      | 2446 ||| Stepping randomly (stuck).
  2447 | D:3      | 2447 ||| Stepping randomly (stuck).
  2448 | D:3      | 2448 ||| Stepping randomly (stuck).
  2449 | D:3      | 2449 ||| Stepping randomly (stuck).
  2450 | D:3      | 2450 ||| Stepping randomly (stuck).
  2451 | D:3      | 2451 ||| Stepping randomly (stuck).
  2452 | D:3      | 2452 ||| Stepping randomly (stuck).
  2453 | D:3      | 2453 ||| Stepping randomly (stuck).
  2454 | D:3      | 2454 ||| Stepping randomly (stuck).
  2455 | D:3      | 2455 ||| Stepping randomly (stuck).
  2456 | D:3      | 2456 ||| Stepping randomly (stuck).
  2457 | D:3      | 2457 ||| Stepping randomly (stuck).
  2458 | D:3      | 2458 ||| Stepping randomly (stuck).
  2459 | D:3      | 2459 ||| Stepping randomly (stuck).
  2460 | D:3      | 2460 ||| Stepping randomly (stuck).
  2461 | D:3      | 2461 ||| Stepping randomly (stuck).
  2462 | D:3      | 2462 ||| Stepping randomly (stuck).
  2463 | D:3      | 2463 ||| Stepping randomly (stuck).
  2464 | D:3      | 2464 ||| Stepping randomly (stuck).
  2465 | D:3      | 2465 ||| Stepping randomly (stuck).
  2466 | D:3      | 2466 ||| Stepping randomly (stuck).
  2467 | D:3      | 2467 ||| Stepping randomly (stuck).
  2468 | D:3      | 2468 ||| Stepping randomly (stuck).
  2469 | D:3      | 2469 ||| Stepping randomly (stuck).
  2470 | D:3      | 2470 ||| Stepping randomly (stuck).
  2471 | D:3      | 2471 ||| Stepping randomly (stuck).
  2472 | D:3      | 2472 ||| Stepping randomly (stuck).
  2473 | D:3      | 2473 ||| Stepping randomly (stuck).
  2474 | D:3      | 2474 ||| Stepping randomly (stuck).
  2475 | D:3      | 2475 ||| Stepping randomly (stuck).
  2476 | D:3      | 2476 ||| Stepping randomly (stuck).
  2477 | D:3      | 2477 ||| Stepping randomly (stuck).
  2478 | D:3      | 2478 ||| Stepping randomly (stuck).
  2479 | D:3      | 2479 ||| Stepping randomly (stuck).
  2480 | D:3      | 2480 ||| Stepping randomly (stuck).
  2481 | D:3      | 2481 ||| Stepping randomly (stuck).
  2482 | D:3      | 2482 ||| Stepping randomly (stuck).
  2483 | D:3      | 2483 ||| Stepping randomly (stuck).
  2484 | D:3      | 2484 ||| Stepping randomly (stuck).
  2485 | D:3      | 2485 ||| Stepping randomly (stuck).
  2486 | D:3      | 2486 ||| Stepping randomly (stuck).
  2487 | D:3      | 2487 ||| Stepping randomly (stuck).
  2488 | D:3      | 2488 ||| Stepping randomly (stuck).
  2489 | D:3      | 2489 ||| Stepping randomly (stuck).
  2490 | D:3      | 2490 ||| Stepping randomly (stuck).
  2491 | D:3      | 2491 ||| Stepping randomly (stuck).
  2492 | D:3      | 2492 ||| Stepping randomly (stuck).
  2493 | D:3      | 2493 ||| Stepping randomly (stuck).
  2494 | D:3      | 2494 ||| Stepping randomly (stuck).
  2495 | D:3      | 2495 ||| Stepping randomly (stuck).
  2496 | D:3      | 2496 ||| Stepping randomly (stuck).
  2497 | D:3      | 2497 ||| Stepping randomly (stuck).
  2498 | D:3      | 2498 ||| Stepping randomly (stuck).
  2499 | D:3      | 2499 ||| Stepping randomly (stuck).
  2500 | D:3      | 2500 ||| Stepping randomly (stuck).
  2501 | D:3      | 2501 ||| Stepping randomly (stuck).
  2502 | D:3      | 2502 ||| Stepping randomly (stuck).
  2503 | D:3      | 2503 ||| Stepping randomly (stuck).
  2504 | D:3      | 2504 ||| Stepping randomly (stuck).
  2505 | D:3      | 2505 ||| Stepping randomly (stuck).
  2506 | D:3      | 2506 ||| Stepping randomly (stuck).
  2507 | D:3      | 2507 ||| Stepping randomly (stuck).
  2508 | D:3      | 2508 ||| Stepping randomly (stuck).
  2509 | D:3      | 2509 ||| Stepping randomly (stuck).
  2510 | D:3      | 2510 ||| Stepping randomly (stuck).
  2511 | D:3      | 2511 ||| Stepping randomly (stuck).
  2512 | D:3      | 2512 ||| Stepping randomly (stuck).
  2513 | D:3      | 2513 ||| Stepping randomly (stuck).
  2514 | D:3      | 2514 ||| Stepping randomly (stuck).
  2515 | D:3      | 2515 ||| Stepping randomly (stuck).
  2516 | D:3      | 2516 ||| Stepping randomly (stuck).
  2517 | D:3      | 2517 ||| Stepping randomly (stuck).
  2518 | D:3      | 2518 ||| Stepping randomly (stuck).
  2519 | D:3      | 2519 ||| Stepping randomly (stuck).
  2520 | D:3      | 2520 ||| Stepping randomly (stuck).
  2521 | D:3      | 2521 ||| Stepping randomly (stuck).
  2522 | D:3      | 2522 ||| Stepping randomly (stuck).
  2523 | D:3      | 2523 ||| Stepping randomly (stuck).
  2524 | D:3      | 2524 ||| Stepping randomly (stuck).
  2525 | D:3      | 2525 ||| Stepping randomly (stuck).
  2526 | D:3      | 2526 ||| Stepping randomly (stuck).
  2527 | D:3      | 2527 ||| Stepping randomly (stuck).
  2528 | D:3      | 2528 ||| Stepping randomly (stuck).
  2529 | D:3      | 2529 ||| Stepping randomly (stuck).
  2530 | D:3      | 2530 ||| Stepping randomly (stuck).
  2531 | D:3      | 2531 ||| Stepping randomly (stuck).
  2532 | D:3      | 2532 ||| Stepping randomly (stuck).
  2533 | D:3      | 2533 ||| Stepping randomly (stuck).
  2534 | D:3      | 2534 ||| Stepping randomly (stuck).
  2535 | D:3      | 2535 ||| Stepping randomly (stuck).
  2536 | D:3      | 2536 ||| Stepping randomly (stuck).
  2537 | D:3      | 2537 ||| Stepping randomly (stuck).
  2538 | D:3      | 2538 ||| Stepping randomly (stuck).
  2539 | D:3      | 2539 ||| Stepping randomly (stuck).
  2540 | D:3      | 2540 ||| Stepping randomly (stuck).
  2541 | D:3      | 2541 ||| Stepping randomly (stuck).
  2542 | D:3      | 2542 ||| Stepping randomly (stuck).
  2543 | D:3      | 2543 ||| Stepping randomly (stuck).
  2544 | D:3      | 2544 ||| Stepping randomly (stuck).
  2545 | D:3      | 2545 ||| Stepping randomly (stuck).
  2546 | D:3      | 2546 ||| Stepping randomly (stuck).
  2547 | D:3      | 2547 ||| Stepping randomly (stuck).
  2548 | D:3      | 2548 ||| Stepping randomly (stuck).
  2549 | D:3      | 2549 ||| Stepping randomly (stuck).
  2550 | D:3      | 2550 ||| Stepping randomly (stuck).
  2551 | D:3      | 2551 ||| Stepping randomly (stuck).
  2552 | D:3      | 2552 ||| Stepping randomly (stuck).
  2553 | D:3      | 2553 ||| Stepping randomly (stuck).
  2554 | D:3      | 2554 ||| Stepping randomly (stuck).
  2555 | D:3      | 2555 ||| Stepping randomly (stuck).
  2556 | D:3      | 2556 ||| Stepping randomly (stuck).
  2557 | D:3      | 2557 ||| Stepping randomly (stuck).
  2558 | D:3      | 2558 ||| Stepping randomly (stuck).
  2559 | D:3      | 2559 ||| Stepping randomly (stuck).
  2560 | D:3      | 2560 ||| Stepping randomly (stuck).
  2561 | D:3      | 2561 ||| Stepping randomly (stuck).
  2562 | D:3      | 2562 ||| Stepping randomly (stuck).
  2563 | D:3      | 2563 ||| Stepping randomly (stuck).
  2564 | D:3      | 2564 ||| Stepping randomly (stuck).
  2565 | D:3      | 2565 ||| Stepping randomly (stuck).
  2566 | D:3      | 2566 ||| Stepping randomly (stuck).
  2567 | D:3      | 2567 ||| Stepping randomly (stuck).
  2568 | D:3      | 2568 ||| Stepping randomly (stuck).
  2569 | D:3      | 2569 ||| Stepping randomly (stuck).
  2570 | D:3      | 2570 ||| Stepping randomly (stuck).
  2571 | D:3      | 2571 ||| Stepping randomly (stuck).
  2572 | D:3      | 2572 ||| Stepping randomly (stuck).
  2573 | D:3      | 2573 ||| Stepping randomly (stuck).
  2574 | D:3      | 2574 ||| Stepping randomly (stuck).
  2575 | D:3      | 2575 ||| Stepping randomly (stuck).
  2576 | D:3      | 2576 ||| Stepping randomly (stuck).
  2577 | D:3      | 2577 ||| Stepping randomly (stuck).
  2578 | D:3      | 2578 ||| Stepping randomly (stuck).
  2579 | D:3      | 2579 ||| Stepping randomly (stuck).
  2580 | D:3      | 2580 ||| Stepping randomly (stuck).
  2581 | D:3      | 2581 ||| Stepping randomly (stuck).
  2582 | D:3      | 2582 ||| Stepping randomly (stuck).
  2583 | D:3      | 2583 ||| Stepping randomly (stuck).
  2584 | D:3      | 2584 ||| Stepping randomly (stuck).
  2585 | D:3      | 2585 ||| Stepping randomly (stuck).
  2586 | D:3      | 2586 ||| Stepping randomly (stuck).
  2587 | D:3      | 2587 ||| Stepping randomly (stuck).
  2588 | D:3      | 2588 ||| Stepping randomly (stuck).
  2589 | D:3      | 2589 ||| Stepping randomly (stuck).
  2590 | D:3      | 2590 ||| Stepping randomly (stuck).
  2591 | D:3      | 2591 ||| Stepping randomly (stuck).
  2592 | D:3      | 2592 ||| Stepping randomly (stuck).
  2593 | D:3      | 2593 ||| Stepping randomly (stuck).
  2594 | D:3      | 2594 ||| Stepping randomly (stuck).
  2595 | D:3      | 2595 ||| Stepping randomly (stuck).
  2596 | D:3      | 2596 ||| Stepping randomly (stuck).
  2597 | D:3      | 2597 ||| Stepping randomly (stuck).
  2598 | D:3      | 2598 ||| Stepping randomly (stuck).
  2599 | D:3      | 2599 ||| Stepping randomly (stuck).
  2600 | D:3      | 2600 ||| Stepping randomly (stuck).
  2601 | D:3      | 2601 ||| Stepping randomly (stuck).
  2602 | D:3      | 2602 ||| Stepping randomly (stuck).
  2603 | D:3      | 2603 ||| Stepping randomly (stuck).
  2604 | D:3      | 2604 ||| Stepping randomly (stuck).
  2605 | D:3      | 2605 ||| Stepping randomly (stuck).
  2606 | D:3      | 2606 ||| Stepping randomly (stuck).
  2607 | D:3      | 2607 ||| Stepping randomly (stuck).
  2608 | D:3      | 2608 ||| Stepping randomly (stuck).
  2609 | D:3      | 2609 ||| Stepping randomly (stuck).
  2610 | D:3      | 2610 ||| Stepping randomly (stuck).
  2611 | D:3      | 2611 ||| Stepping randomly (stuck).
  2612 | D:3      | 2612 ||| Stepping randomly (stuck).
  2613 | D:3      | 2613 ||| Stepping randomly (stuck).
  2614 | D:3      | 2614 ||| Stepping randomly (stuck).
  2615 | D:3      | 2615 ||| Stepping randomly (stuck).
  2616 | D:3      | 2616 ||| Stepping randomly (stuck).
  2617 | D:3      | 2617 ||| Stepping randomly (stuck).
  2618 | D:3      | 2618 ||| Stepping randomly (stuck).
  2619 | D:3      | 2619 ||| Stepping randomly (stuck).
  2620 | D:3      | 2620 ||| Stepping randomly (stuck).
  2621 | D:3      | 2621 ||| Stepping randomly (stuck).
  2622 | D:3      | 2622 ||| Stepping randomly (stuck).
  2623 | D:3      | 2623 ||| Stepping randomly (stuck).
  2624 | D:3      | 2624 ||| Stepping randomly (stuck).
  2625 | D:3      | 2625 ||| Stepping randomly (stuck).
  2626 | D:3      | 2626 ||| Stepping randomly (stuck).
  2627 | D:3      | 2627 ||| Stepping randomly (stuck).
  2628 | D:3      | 2628 ||| Stepping randomly (stuck).
  2629 | D:3      | 2629 ||| Stepping randomly (stuck).
  2630 | D:3      | 2630 ||| Stepping randomly (stuck).
  2631 | D:3      | 2631 ||| Stepping randomly (stuck).
  2632 | D:3      | 2632 ||| Stepping randomly (stuck).
  2633 | D:3      | 2633 ||| Stepping randomly (stuck).
  2634 | D:3      | 2634 ||| Stepping randomly (stuck).
  2635 | D:3      | 2635 ||| Stepping randomly (stuck).
  2636 | D:3      | 2636 ||| Stepping randomly (stuck).
  2637 | D:3      | 2637 ||| Stepping randomly (stuck).
  2638 | D:3      | 2638 ||| Stepping randomly (stuck).
  2639 | D:3      | 2639 ||| Stepping randomly (stuck).
  2640 | D:3      | 2640 ||| Stepping randomly (stuck).
  2641 | D:3      | 2641 ||| Stepping randomly (stuck).
  2642 | D:3      | 2642 ||| Stepping randomly (stuck).
  2643 | D:3      | 2643 ||| Stepping randomly (stuck).
  2644 | D:3      | 2644 ||| Stepping randomly (stuck).
  2645 | D:3      | 2645 ||| Stepping randomly (stuck).
  2646 | D:3      | 2646 ||| Stepping randomly (stuck).
  2647 | D:3      | 2647 ||| Stepping randomly (stuck).
  2648 | D:3      | 2648 ||| Stepping randomly (stuck).
  2649 | D:3      | 2649 ||| Stepping randomly (stuck).
  2650 | D:3      | 2650 ||| Stepping randomly (stuck).
  2651 | D:3      | 2651 ||| Stepping randomly (stuck).
  2652 | D:3      | 2652 ||| Stepping randomly (stuck).
  2653 | D:3      | 2653 ||| Stepping randomly (stuck).
  2654 | D:3      | 2654 ||| Stepping randomly (stuck).
  2655 | D:3      | 2655 ||| Stepping randomly (stuck).
  2656 | D:3      | 2656 ||| Stepping randomly (stuck).
  2657 | D:3      | 2657 ||| Stepping randomly (stuck).
  2658 | D:3      | 2658 ||| Stepping randomly (stuck).
  2659 | D:3      | 2659 ||| Stepping randomly (stuck).
  2660 | D:3      | 2660 ||| Stepping randomly (stuck).
  2661 | D:3      | 2661 ||| Stepping randomly (stuck).
  2662 | D:3      | 2662 ||| Stepping randomly (stuck).
  2663 | D:3      | 2663 ||| Stepping randomly (stuck).
  2664 | D:3      | 2664 ||| Stepping randomly (stuck).
  2665 | D:3      | 2665 ||| Stepping randomly (stuck).
  2666 | D:3      | 2666 ||| Stepping randomly (stuck).
  2667 | D:3      | 2667 ||| Stepping randomly (stuck).
  2668 | D:3      | 2668 ||| Stepping randomly (stuck).
  2669 | D:3      | 2669 ||| Stepping randomly (stuck).
  2670 | D:3      | 2670 ||| Stepping randomly (stuck).
  2671 | D:3      | 2671 ||| Stepping randomly (stuck).
  2672 | D:3      | 2672 ||| Stepping randomly (stuck).
  2673 | D:3      | 2673 ||| Stepping randomly (stuck).
  2674 | D:3      | 2674 ||| Stepping randomly (stuck).
  2675 | D:3      | 2675 ||| Stepping randomly (stuck).
  2676 | D:3      | 2676 ||| Stepping randomly (stuck).
  2677 | D:3      | 2677 ||| Stepping randomly (stuck).
  2678 | D:3      | 2678 ||| Stepping randomly (stuck).
  2679 | D:3      | 2679 ||| Stepping randomly (stuck).
  2680 | D:3      | 2680 ||| Stepping randomly (stuck).
  2681 | D:3      | 2681 ||| Stepping randomly (stuck).
  2682 | D:3      | 2682 ||| Stepping randomly (stuck).
  2683 | D:3      | 2683 ||| Stepping randomly (stuck).
  2684 | D:3      | 2684 ||| Stepping randomly (stuck).
  2685 | D:3      | 2685 ||| Stepping randomly (stuck).
  2686 | D:3      | 2686 ||| Stepping randomly (stuck).
  2687 | D:3      | 2687 ||| Stepping randomly (stuck).
  2688 | D:3      | 2688 ||| Stepping randomly (stuck).
  2689 | D:3      | 2689 ||| Stepping randomly (stuck).
  2690 | D:3      | 2690 ||| Stepping randomly (stuck).
  2691 | D:3      | 2691 ||| Stepping randomly (stuck).
  2692 | D:3      | 2692 ||| Stepping randomly (stuck).
  2693 | D:3      | 2693 ||| Stepping randomly (stuck).
  2694 | D:3      | 2694 ||| Stepping randomly (stuck).
  2695 | D:3      | 2695 ||| Stepping randomly (stuck).
  2696 | D:3      | 2696 ||| Stepping randomly (stuck).
  2697 | D:3      | 2697 ||| Stepping randomly (stuck).
  2698 | D:3      | 2698 ||| Stepping randomly (stuck).
  2699 | D:3      | 2699 ||| Stepping randomly (stuck).
  2700 | D:3      | 2700 ||| Stepping randomly (stuck).
  2701 | D:3      | 2701 ||| Stepping randomly (stuck).
  2702 | D:3      | 2702 ||| Stepping randomly (stuck).
  2703 | D:3      | 2703 ||| Stepping randomly (stuck).
  2704 | D:3      | 2704 ||| Stepping randomly (stuck).
  2705 | D:3      | 2705 ||| Stepping randomly (stuck).
  2706 | D:3      | 2706 ||| Stepping randomly (stuck).
  2707 | D:3      | 2707 ||| Stepping randomly (stuck).
  2708 | D:3      | 2708 ||| Stepping randomly (stuck).
  2709 | D:3      | 2709 ||| Stepping randomly (stuck).
  2710 | D:3      | 2710 ||| Stepping randomly (stuck).
  2711 | D:3      | 2711 ||| Stepping randomly (stuck).
  2712 | D:3      | 2712 ||| Stepping randomly (stuck).
  2713 | D:3      | 2713 ||| Stepping randomly (stuck).
  2714 | D:3      | 2714 ||| Stepping randomly (stuck).
  2715 | D:3      | 2715 ||| Stepping randomly (stuck).
  2716 | D:3      | 2716 ||| Stepping randomly (stuck).
  2717 | D:3      | 2717 ||| Stepping randomly (stuck).
  2718 | D:3      | 2718 ||| Stepping randomly (stuck).
  2719 | D:3      | 2719 ||| Stepping randomly (stuck).
  2720 | D:3      | 2720 ||| Stepping randomly (stuck).
  2721 | D:3      | 2721 ||| Stepping randomly (stuck).
  2722 | D:3      | 2722 ||| Stepping randomly (stuck).
  2723 | D:3      | 2723 ||| Stepping randomly (stuck).
  2724 | D:3      | 2724 ||| Stepping randomly (stuck).
  2725 | D:3      | 2725 ||| Stepping randomly (stuck).
  2726 | D:3      | 2726 ||| Stepping randomly (stuck).
  2727 | D:3      | 2727 ||| Stepping randomly (stuck).
  2728 | D:3      | 2728 ||| Stepping randomly (stuck).
  2729 | D:3      | 2729 ||| Stepping randomly (stuck).
  2730 | D:3      | 2730 ||| Stepping randomly (stuck).
  2731 | D:3      | 2731 ||| Stepping randomly (stuck).
  2732 | D:3      | 2732 ||| Stepping randomly (stuck).
  2733 | D:3      | 2733 ||| Stepping randomly (stuck).
  2734 | D:3      | 2734 ||| Stepping randomly (stuck).
  2735 | D:3      | 2735 ||| Stepping randomly (stuck).
  2736 | D:3      | 2736 ||| Stepping randomly (stuck).
  2737 | D:3      | 2737 ||| Stepping randomly (stuck).
  2738 | D:3      | 2738 ||| Stepping randomly (stuck).
  2739 | D:3      | 2739 ||| Stepping randomly (stuck).
  2740 | D:3      | 2740 ||| Stepping randomly (stuck).
  2741 | D:3      | 2741 ||| Stepping randomly (stuck).
  2742 | D:3      | 2742 ||| Stepping randomly (stuck).
  2743 | D:3      | 2743 ||| Stepping randomly (stuck).
  2744 | D:3      | 2744 ||| Stepping randomly (stuck).
  2745 | D:3      | 2745 ||| Stepping randomly (stuck).
  2746 | D:3      | 2746 ||| Stepping randomly (stuck).
  2747 | D:3      | 2747 ||| Stepping randomly (stuck).
  2748 | D:3      | 2748 ||| Stepping randomly (stuck).
  2749 | D:3      | 2749 ||| Stepping randomly (stuck).
  2750 | D:3      | 2750 ||| Stepping randomly (stuck).
  2751 | D:3      | 2751 ||| Stepping randomly (stuck).
  2752 | D:3      | 2752 ||| Stepping randomly (stuck).
  2753 | D:3      | 2753 ||| Stepping randomly (stuck).
  2754 | D:3      | 2754 ||| Stepping randomly (stuck).
  2755 | D:3      | 2755 ||| Stepping randomly (stuck).
  2756 | D:3      | 2756 ||| Stepping randomly (stuck).
  2757 | D:3      | 2757 ||| Stepping randomly (stuck).
  2758 | D:3      | 2758 ||| Stepping randomly (stuck).
  2759 | D:3      | 2759 ||| Stepping randomly (stuck).
  2760 | D:3      | 2760 ||| Stepping randomly (stuck).
  2761 | D:3      | 2761 ||| Stepping randomly (stuck).
  2762 | D:3      | 2762 ||| Stepping randomly (stuck).
  2763 | D:3      | 2763 ||| Stepping randomly (stuck).
  2764 | D:3      | 2764 ||| Stepping randomly (stuck).
  2765 | D:3      | 2765 ||| Stepping randomly (stuck).
  2766 | D:3      | 2766 ||| Stepping randomly (stuck).
  2767 | D:3      | 2767 ||| Stepping randomly (stuck).
  2768 | D:3      | 2768 ||| Stepping randomly (stuck).
  2769 | D:3      | 2769 ||| Stepping randomly (stuck).
  2770 | D:3      | 2770 ||| Stepping randomly (stuck).
  2771 | D:3      | 2771 ||| Stepping randomly (stuck).
  2772 | D:3      | 2772 ||| Stepping randomly (stuck).
  2773 | D:3      | 2773 ||| Stepping randomly (stuck).
  2774 | D:3      | 2774 ||| Stepping randomly (stuck).
  2775 | D:3      | 2775 ||| Stepping randomly (stuck).
  2776 | D:3      | 2776 ||| Stepping randomly (stuck).
  2777 | D:3      | 2777 ||| Stepping randomly (stuck).
  2778 | D:3      | 2778 ||| Stepping randomly (stuck).
  2779 | D:3      | 2779 ||| Stepping randomly (stuck).
  2780 | D:3      | 2780 ||| Stepping randomly (stuck).
  2781 | D:3      | 2781 ||| Stepping randomly (stuck).
  2782 | D:3      | 2782 ||| Stepping randomly (stuck).
  2783 | D:3      | 2783 ||| Stepping randomly (stuck).
  2784 | D:3      | 2784 ||| Stepping randomly (stuck).
  2785 | D:3      | 2785 ||| Stepping randomly (stuck).
  2786 | D:3      | 2786 ||| Stepping randomly (stuck).
  2787 | D:3      | 2787 ||| Stepping randomly (stuck).
  2788 | D:3      | 2788 ||| Stepping randomly (stuck).
  2789 | D:3      | 2789 ||| Stepping randomly (stuck).
  2790 | D:3      | 2790 ||| Stepping randomly (stuck).
  2791 | D:3      | 2791 ||| Stepping randomly (stuck).
  2792 | D:3      | 2792 ||| Stepping randomly (stuck).
  2793 | D:3      | 2793 ||| Stepping randomly (stuck).
  2794 | D:3      | 2794 ||| Stepping randomly (stuck).
  2795 | D:3      | 2795 ||| Stepping randomly (stuck).
  2796 | D:3      | 2796 ||| Stepping randomly (stuck).
  2797 | D:3      | 2797 ||| Stepping randomly (stuck).
  2798 | D:3      | 2798 ||| Stepping randomly (stuck).
  2799 | D:3      | 2799 ||| Stepping randomly (stuck).
  2800 | D:3      | 2800 ||| Stepping randomly (stuck).
  2801 | D:3      | 2801 ||| Stepping randomly (stuck).
  2802 | D:3      | 2802 ||| Stepping randomly (stuck).
  2803 | D:3      | 2803 ||| Stepping randomly (stuck).
  2804 | D:3      | 2804 ||| Stepping randomly (stuck).
  2805 | D:3      | 2805 ||| Stepping randomly (stuck).
  2806 | D:3      | 2806 ||| Stepping randomly (stuck).
  2807 | D:3      | 2807 ||| Stepping randomly (stuck).
  2808 | D:3      | 2808 ||| Stepping randomly (stuck).
  2809 | D:3      | 2809 ||| Stepping randomly (stuck).
  2810 | D:3      | 2810 ||| Stepping randomly (stuck).
  2811 | D:3      | 2811 ||| Stepping randomly (stuck).
  2812 | D:3      | 2812 ||| Stepping randomly (stuck).
  2813 | D:3      | 2813 ||| Stepping randomly (stuck).
  2814 | D:3      | 2814 ||| Stepping randomly (stuck).
  2815 | D:3      | 2815 ||| Stepping randomly (stuck).
  2816 | D:3      | 2816 ||| Stepping randomly (stuck).
  2817 | D:3      | 2817 ||| Stepping randomly (stuck).
  2818 | D:3      | 2818 ||| Stepping randomly (stuck).
  2819 | D:3      | 2819 ||| Stepping randomly (stuck).
  2820 | D:3      | 2820 ||| Stepping randomly (stuck).
  2821 | D:3      | 2821 ||| Stepping randomly (stuck).
  2822 | D:3      | 2822 ||| Stepping randomly (stuck).
  2823 | D:3      | 2823 ||| Stepping randomly (stuck).
  2824 | D:3      | 2824 ||| Stepping randomly (stuck).
  2825 | D:3      | 2825 ||| Stepping randomly (stuck).
  2826 | D:3      | 2826 ||| Stepping randomly (stuck).
  2827 | D:3      | 2827 ||| Stepping randomly (stuck).
  2828 | D:3      | 2828 ||| Stepping randomly (stuck).
  2829 | D:3      | 2829 ||| Stepping randomly (stuck).
  2830 | D:3      | 2830 ||| Stepping randomly (stuck).
  2831 | D:3      | 2831 ||| Stepping randomly (stuck).
  2832 | D:3      | 2832 ||| Stepping randomly (stuck).
  2833 | D:3      | 2833 ||| Stepping randomly (stuck).
  2834 | D:3      | 2834 ||| Stepping randomly (stuck).
  2835 | D:3      | 2835 ||| Stepping randomly (stuck).
  2835 | D:3      | Noticed a water elemental
  2836 | D:3      | 2836 ||| FLEEEEING.
  2846 | D:3      | 2846 ||| Stepping randomly (stuck).
  2847 | D:3      | 2847 ||| Stepping randomly (stuck).
  2848 | D:3      | 2848 ||| Stepping randomly (stuck).
  2849 | D:3      | 2849 ||| Stepping randomly (stuck).
  2850 | D:3      | 2850 ||| Stepping randomly (stuck).
  2851 | D:3      | 2851 ||| Stepping randomly (stuck).
  2852 | D:3      | 2852 ||| Stepping randomly (stuck).
  2853 | D:3      | 2853 ||| Stepping randomly (stuck).
  2854 | D:3      | 2854 ||| Stepping randomly (stuck).
  2855 | D:3      | 2855 ||| Stepping randomly (stuck).
  2856 | D:3      | 2856 ||| Stepping randomly (stuck).
  2857 | D:3      | 2857 ||| Stepping randomly (stuck).
  2858 | D:3      | 2858 ||| Stepping randomly (stuck).
  2859 | D:3      | 2859 ||| Stepping randomly (stuck).
  2860 | D:3      | 2860 ||| Stepping randomly (stuck).
  2861 | D:3      | 2861 ||| Stepping randomly (stuck).
  2862 | D:3      | 2862 ||| Stepping randomly (stuck).
  2863 | D:3      | 2863 ||| Stepping randomly (stuck).
  2864 | D:3      | 2864 ||| FLEEEEING.
  2874 | D:3      | 2874 ||| Stepping randomly (stuck).
  2875 | D:3      | 2875 ||| Stepping randomly (stuck).
  2876 | D:3      | 2876 ||| Stepping randomly (stuck).
  2877 | D:3      | 2877 ||| Stepping randomly (stuck).
  2878 | D:3      | 2878 ||| Stepping randomly (stuck).
  2879 | D:3      | 2879 ||| Stepping randomly (stuck).
  2880 | D:3      | 2880 ||| Stepping randomly (stuck).
  2881 | D:3      | 2881 ||| Stepping randomly (stuck).
  2882 | D:3      | 2882 ||| Stepping randomly (stuck).
  2883 | D:3      | 2883 ||| Stepping randomly (stuck).
  2884 | D:3      | 2884 ||| Stepping randomly (stuck).
  2885 | D:3      | 2885 ||| Stepping randomly (stuck).
  2886 | D:3      | 2886 ||| Stepping randomly (stuck).
  2887 | D:3      | 2887 ||| Stepping randomly (stuck).
  2888 | D:3      | 2888 ||| Stepping randomly (stuck).
  2889 | D:3      | 2889 ||| Stepping randomly (stuck).
  2890 | D:3      | 2890 ||| Stepping randomly (stuck).
  2891 | D:3      | 2891 ||| Stepping randomly (stuck).
  2892 | D:3      | 2892 ||| Stepping randomly (stuck).
  2893 | D:3      | 2893 ||| Stepping randomly (stuck).
  2894 | D:3      | 2894 ||| Stepping randomly (stuck).
  2895 | D:3      | 2895 ||| Stepping randomly (stuck).
  2896 | D:3      | 2896 ||| Stepping randomly (stuck).
  2897 | D:3      | 2897 ||| Stepping randomly (stuck).
  2898 | D:3      | 2898 ||| Stepping randomly (stuck).
  2899 | D:3      | 2899 ||| Stepping randomly (stuck).
  2900 | D:3      | 2900 ||| Stepping randomly (stuck).
  2901 | D:3      | 2901 ||| Stepping randomly (stuck).
  2902 | D:3      | 2902 ||| Stepping randomly (stuck).
  2903 | D:3      | 2903 ||| Stepping randomly (stuck).
  2904 | D:3      | 2904 ||| Stepping randomly (stuck).
  2905 | D:3      | 2905 ||| Stepping randomly (stuck).
  2906 | D:3      | 2906 ||| Stepping randomly (stuck).
  2908 | D:3      | 2908 ||| DRINKING 2 bubbling red potions.
  2909 | D:3      | 2909 ||| Stepping randomly (stuck).
  2910 | D:3      | 2910 ||| Stepping randomly (stuck).
  2911 | D:3      | 2911 ||| Stepping randomly (stuck).
  2912 | D:3      | 2912 ||| Stepping randomly (stuck).
  2913 | D:3      | 2913 ||| Stepping randomly (stuck).
  2914 | D:3      | 2914 ||| Stepping randomly (stuck).
  2915 | D:3      | 2915 ||| Stepping randomly (stuck).
  2916 | D:3      | 2916 ||| Stepping randomly (stuck).
  2917 | D:3      | 2917 ||| Stepping randomly (stuck).
  2918 | D:3      | 2918 ||| Stepping randomly (stuck).
  2919 | D:3      | 2919 ||| Stepping randomly (stuck).
  2920 | D:3      | 2920 ||| Stepping randomly (stuck).
  2921 | D:3      | 2921 ||| Stepping randomly (stuck).
  2922 | D:3      | 2922 ||| Stepping randomly (stuck).
  2923 | D:3      | 2923 ||| Stepping randomly (stuck).
  2924 | D:3      | 2924 ||| Stepping randomly (stuck).
  2925 | D:3      | 2925 ||| Stepping randomly (stuck).
  2926 | D:3      | 2926 ||| Stepping randomly (stuck).
  2927 | D:3      | 2927 ||| Stepping randomly (stuck).
  2928 | D:3      | 2928 ||| Stepping randomly (stuck).
  2929 | D:3      | 2929 ||| Stepping randomly (stuck).
  2930 | D:3      | 2930 ||| Stepping randomly (stuck).
  2931 | D:3      | 2931 ||| Stepping randomly (stuck).
  2932 | D:3      | 2932 ||| Stepping randomly (stuck).
  2933 | D:3      | 2933 ||| Stepping randomly (stuck).
  2934 | D:3      | 2934 ||| Stepping randomly (stuck).
  2935 | D:3      | 2935 ||| Stepping randomly (stuck).
  2936 | D:3      | 2936 ||| Stepping randomly (stuck).
  2937 | D:3      | 2937 ||| Stepping randomly (stuck).
  2938 | D:3      | 2938 ||| Stepping randomly (stuck).
  2939 | D:3      | 2939 ||| Stepping randomly (stuck).
  2940 | D:3      | 2940 ||| Stepping randomly (stuck).
  2941 | D:3      | 2941 ||| Stepping randomly (stuck).
  2942 | D:3      | 2942 ||| Stepping randomly (stuck).
  2943 | D:3      | 2943 ||| Stepping randomly (stuck).
  2944 | D:3      | 2944 ||| Stepping randomly (stuck).
  2945 | D:3      | 2945 ||| Stepping randomly (stuck).
  2946 | D:3      | 2946 ||| Stepping randomly (stuck).
  2947 | D:3      | 2947 ||| Stepping randomly (stuck).
  2948 | D:3      | 2948 ||| Stepping randomly (stuck).
  2949 | D:3      | 2949 ||| Stepping randomly (stuck).
  2950 | D:3      | 2950 ||| Stepping randomly (stuck).
  2951 | D:3      | 2951 ||| Stepping randomly (stuck).
  2952 | D:3      | 2952 ||| Stepping randomly (stuck).
  2953 | D:3      | 2953 ||| Stepping randomly (stuck).
  2954 | D:3      | 2954 ||| Stepping randomly (stuck).
  2955 | D:3      | 2955 ||| Stepping randomly (stuck).
  2956 | D:3      | 2956 ||| Stepping randomly (stuck).
  2957 | D:3      | 2957 ||| Stepping randomly (stuck).
  2958 | D:3      | 2958 ||| Stepping randomly (stuck).
  2959 | D:3      | 2959 ||| Stepping randomly (stuck).
  2960 | D:3      | 2960 ||| Stepping randomly (stuck).
  2961 | D:3      | 2961 ||| Stepping randomly (stuck).
  2962 | D:3      | 2962 ||| Stepping randomly (stuck).
  2963 | D:3      | 2963 ||| Stepping randomly (stuck).
  2964 | D:3      | 2964 ||| Stepping randomly (stuck).
  2965 | D:3      | 2965 ||| Stepping randomly (stuck).
  2966 | D:3      | 2966 ||| Stepping randomly (stuck).
  2967 | D:3      | 2967 ||| Stepping randomly (stuck).
  2968 | D:3      | 2968 ||| Stepping randomly (stuck).
  2969 | D:3      | 2969 ||| Stepping randomly (stuck).
  2970 | D:3      | 2970 ||| Stepping randomly (stuck).
  2971 | D:3      | 2971 ||| Stepping randomly (stuck).
  2972 | D:3      | 2972 ||| Stepping randomly (stuck).
  2973 | D:3      | 2973 ||| Stepping randomly (stuck).
  2974 | D:3      | 2974 ||| Stepping randomly (stuck).
  2975 | D:3      | 2975 ||| Stepping randomly (stuck).
  2976 | D:3      | 2976 ||| Stepping randomly (stuck).
  2977 | D:3      | 2977 ||| Stepping randomly (stuck).
  2978 | D:3      | 2978 ||| Stepping randomly (stuck).
  2979 | D:3      | 2979 ||| Stepping randomly (stuck).
  2980 | D:3      | 2980 ||| Stepping randomly (stuck).
  2981 | D:3      | 2981 ||| Stepping randomly (stuck).
  2982 | D:3      | 2982 ||| Stepping randomly (stuck).
  2983 | D:3      | 2983 ||| Stepping randomly (stuck).
  2984 | D:3      | 2984 ||| Stepping randomly (stuck).
  2985 | D:3      | 2985 ||| Stepping randomly (stuck).
  2986 | D:3      | 2986 ||| Stepping randomly (stuck).
  2987 | D:3      | 2987 ||| Stepping randomly (stuck).
  2988 | D:3      | 2988 ||| Stepping randomly (stuck).
  2989 | D:3      | 2989 ||| Stepping randomly (stuck).
  2990 | D:3      | 2990 ||| Stepping randomly (stuck).
  2991 | D:3      | 2991 ||| Stepping randomly (stuck).
  2992 | D:3      | 2992 ||| Stepping randomly (stuck).
  2993 | D:3      | 2993 ||| FLEEEEING.
  3003 | D:3      | 3003 ||| Stepping randomly (stuck).
  3004 | D:3      | 3004 ||| Stepping randomly (stuck).
  3005 | D:3      | 3005 ||| Stepping randomly (stuck).
  3006 | D:3      | 3006 ||| Stepping randomly (stuck).
  3007 | D:3      | 3007 ||| Stepping randomly (stuck).
  3008 | D:3      | 3008 ||| Stepping randomly (stuck).
  3009 | D:3      | 3009 ||| Stepping randomly (stuck).
  3010 | D:3      | 3010 ||| Stepping randomly (stuck).
  3011 | D:3      | 3011 ||| Stepping randomly (stuck).
  3012 | D:3      | 3012 ||| Stepping randomly (stuck).
  3013 | D:3      | 3013 ||| Stepping randomly (stuck).
  3014 | D:3      | 3014 ||| Stepping randomly (stuck).
  3015 | D:3      | 3015 ||| Stepping randomly (stuck).
  3016 | D:3      | 3016 ||| Stepping randomly (stuck).
  3017 | D:3      | 3017 ||| Stepping randomly (stuck).
  3018 | D:3      | 3018 ||| Stepping randomly (stuck).
  3019 | D:3      | 3019 ||| Stepping randomly (stuck).
  3020 | D:3      | 3020 ||| Stepping randomly (stuck).
  3021 | D:3      | 3021 ||| Stepping randomly (stuck).
  3022 | D:3      | 3022 ||| Stepping randomly (stuck).
  3023 | D:3      | 3023 ||| Stepping randomly (stuck).
  3024 | D:3      | 3024 ||| Stepping randomly (stuck).
  3025 | D:3      | 3025 ||| Stepping randomly (stuck).
  3026 | D:3      | 3026 ||| Stepping randomly (stuck).
  3027 | D:3      | 3027 ||| Stepping randomly (stuck).
  3028 | D:3      | 3028 ||| Stepping randomly (stuck).
  3029 | D:3      | 3029 ||| STAIRDANCE
  3033 | D:3      | 3033 ||| STAIRDANCE
  3037 | D:3      | 3037 ||| STAIRDANCE
  3041 | D:3      | 3041 ||| STAIRDANCE
  3045 | D:3      | 3045 ||| STAIRDANCE
  3049 | D:3      | 3049 ||| STAIRDANCE
  3053 | D:3      | 3053 ||| STAIRDANCE
  3057 | D:3      | 3057 ||| STAIRDANCE
  3061 | D:3      | 3061 ||| STAIRDANCE
  3065 | D:3      | 3065 ||| STAIRDANCE
  3069 | D:3      | 3069 ||| STAIRDANCE
  3079 | D:3      | 3079 ||| STAIRDANCE
  3083 | D:3      | 3083 ||| STAIRDANCE
  3087 | D:3      | 3087 ||| STAIRDANCE
  3091 | D:3      | 3091 ||| STAIRDANCE
  3095 | D:3      | 3095 ||| STAIRDANCE
  3099 | D:3      | 3099 ||| STAIRDANCE
  3103 | D:3      | 3103 ||| STAIRDANCE
  3107 | D:3      | 3107 ||| STAIRDANCE
  3111 | D:3      | 3111 ||| STAIRDANCE
  3115 | D:3      | 3115 ||| Stepping randomly (stuck).
  3116 | D:3      | 3116 ||| Stepping randomly (stuck).
  3117 | D:3      | 3117 ||| Stepping randomly (stuck).
  3118 | D:3      | 3118 ||| Stepping randomly (stuck).
  3119 | D:3      | 3119 ||| Stepping randomly (stuck).
  3120 | D:3      | 3120 ||| Stepping randomly (stuck).
  3121 | D:3      | 3121 ||| Stepping randomly (stuck).
  3122 | D:3      | 3122 ||| Stepping randomly (stuck).
  3123 | D:3      | 3123 ||| Stepping randomly (stuck).
  3124 | D:3      | 3124 ||| Stepping randomly (stuck).
  3125 | D:3      | 3125 ||| Stepping randomly (stuck).
  3126 | D:3      | 3126 ||| Stepping randomly (stuck).
  3127 | D:3      | 3127 ||| Stepping randomly (stuck).
  3128 | D:3      | 3128 ||| Stepping randomly (stuck).
  3129 | D:3      | 3129 ||| Stepping randomly (stuck).
  3130 | D:3      | 3130 ||| Stepping randomly (stuck).
  3131 | D:3      | 3131 ||| Stepping randomly (stuck).
  3132 | D:3      | 3132 ||| Stepping randomly (stuck).
  3133 | D:3      | 3133 ||| Stepping randomly (stuck).
  3134 | D:3      | 3134 ||| Stepping randomly (stuck).
  3135 | D:3      | 3135 ||| Stepping randomly (stuck).
  3136 | D:3      | 3136 ||| Stepping randomly (stuck).
  3137 | D:3      | 3137 ||| Stepping randomly (stuck).
  3138 | D:3      | 3138 ||| Stepping randomly (stuck).
  3139 | D:3      | 3139 ||| Stepping randomly (stuck).
  3140 | D:3      | 3140 ||| Stepping randomly (stuck).
  3141 | D:3      | 3141 ||| Stepping randomly (stuck).
  3142 | D:3      | 3142 ||| Stepping randomly (stuck).
  3143 | D:3      | 3143 ||| Stepping randomly (stuck).
  3144 | D:3      | 3144 ||| Stepping randomly (stuck).
  3145 | D:3      | 3145 ||| Stepping randomly (stuck).
  3146 | D:3      | 3146 ||| Stepping randomly (stuck).
  3147 | D:3      | 3147 ||| Stepping randomly (stuck).
  3148 | D:3      | 3148 ||| Stepping randomly (stuck).
  3149 | D:3      | 3149 ||| Stepping randomly (stuck).
  3150 | D:3      | 3150 ||| Stepping randomly (stuck).
  3151 | D:3      | 3151 ||| Stepping randomly (stuck).
  3152 | D:3      | 3152 ||| Stepping randomly (stuck).
  3153 | D:3      | 3153 ||| Stepping randomly (stuck).
  3154 | D:3      | 3154 ||| Stepping randomly (stuck).
  3155 | D:3      | 3155 ||| Stepping randomly (stuck).
  3156 | D:3      | 3156 ||| Stepping randomly (stuck).
  3157 | D:3      | 3157 ||| Stepping randomly (stuck).
  3158 | D:3      | 3158 ||| Stepping randomly (stuck).
  3159 | D:3      | 3159 ||| Stepping randomly (stuck).
  3160 | D:3      | 3160 ||| Stepping randomly (stuck).
  3161 | D:3      | 3161 ||| Stepping randomly (stuck).
  3162 | D:3      | 3162 ||| Stepping randomly (stuck).
  3163 | D:3      | 3163 ||| Stepping randomly (stuck).
  3164 | D:3      | 3164 ||| Stepping randomly (stuck).
  3165 | D:3      | 3165 ||| Stepping randomly (stuck).
  3166 | D:3      | 3166 ||| Stepping randomly (stuck).
  3167 | D:3      | 3167 ||| Stepping randomly (stuck).
  3168 | D:3      | 3168 ||| Stepping randomly (stuck).
  3169 | D:3      | 3169 ||| Stepping randomly (stuck).
  3170 | D:3      | 3170 ||| Stepping randomly (stuck).
  3171 | D:3      | 3171 ||| Stepping randomly (stuck).
  3172 | D:3      | 3172 ||| Stepping randomly (stuck).
  3173 | D:3      | 3173 ||| Stepping randomly (stuck).
  3174 | D:3      | 3174 ||| Stepping randomly (stuck).
  3175 | D:3      | 3175 ||| Stepping randomly (stuck).
  3176 | D:3      | 3176 ||| Stepping randomly (stuck).
  3177 | D:3      | 3177 ||| Stepping randomly (stuck).
  3178 | D:3      | 3178 ||| Stepping randomly (stuck).
  3179 | D:3      | 3179 ||| Stepping randomly (stuck).
  3180 | D:3      | 3180 ||| Stepping randomly (stuck).
  3181 | D:3      | 3181 ||| Stepping randomly (stuck).
  3182 | D:3      | 3182 ||| Stepping randomly (stuck).
  3183 | D:3      | 3183 ||| Stepping randomly (stuck).
  3184 | D:3      | 3184 ||| Stepping randomly (stuck).
  3185 | D:3      | 3185 ||| Stepping randomly (stuck).
  3186 | D:3      | 3186 ||| Stepping randomly (stuck).
  3187 | D:3      | 3187 ||| Stepping randomly (stuck).
  3188 | D:3      | 3188 ||| Stepping randomly (stuck).
  3189 | D:3      | 3189 ||| Stepping randomly (stuck).
  3190 | D:3      | 3190 ||| Stepping randomly (stuck).
  3191 | D:3      | 3191 ||| Stepping randomly (stuck).
  3192 | D:3      | 3192 ||| Stepping randomly (stuck).
  3193 | D:3      | 3193 ||| Stepping randomly (stuck).
  3194 | D:3      | 3194 ||| Stepping randomly (stuck).
  3195 | D:3      | 3195 ||| Stepping randomly (stuck).
  3196 | D:3      | 3196 ||| Stepping randomly (stuck).
  3197 | D:3      | 3197 ||| Stepping randomly (stuck).
  3198 | D:3      | 3198 ||| Stepping randomly (stuck).
  3199 | D:3      | 3199 ||| Stepping randomly (stuck).
  3200 | D:3      | 3200 ||| Stepping randomly (stuck).
  3201 | D:3      | 3201 ||| Stepping randomly (stuck).
  3202 | D:3      | 3202 ||| Stepping randomly (stuck).
  3203 | D:3      | 3203 ||| Stepping randomly (stuck).
  3204 | D:3      | 3204 ||| Stepping randomly (stuck).
  3205 | D:3      | 3205 ||| Stepping randomly (stuck).
  3206 | D:3      | 3206 ||| Stepping randomly (stuck).
  3207 | D:3      | 3207 ||| Stepping randomly (stuck).
  3208 | D:3      | 3208 ||| Stepping randomly (stuck).
  3209 | D:3      | 3209 ||| Stepping randomly (stuck).
  3210 | D:3      | 3210 ||| Stepping randomly (stuck).
  3211 | D:3      | 3211 ||| Stepping randomly (stuck).
  3212 | D:3      | 3212 ||| Stepping randomly (stuck).
  3213 | D:3      | 3213 ||| Stepping randomly (stuck).
  3214 | D:3      | 3214 ||| Stepping randomly (stuck).
  3215 | D:3      | 3215 ||| Stepping randomly (stuck).
  3216 | D:3      | 3216 ||| Stepping randomly (stuck).
  3217 | D:3      | 3217 ||| Stepping randomly (stuck).
  3218 | D:3      | 3218 ||| Stepping randomly (stuck).
  3219 | D:3      | 3219 ||| Stepping randomly (stuck).
  3220 | D:3      | 3220 ||| Stepping randomly (stuck).
  3221 | D:3      | 3221 ||| Stepping randomly (stuck).
  3222 | D:3      | 3222 ||| Stepping randomly (stuck).
  3223 | D:3      | 3223 ||| Stepping randomly (stuck).
  3224 | D:3      | 3224 ||| Stepping randomly (stuck).
  3225 | D:3      | 3225 ||| Stepping randomly (stuck).
  3226 | D:3      | 3226 ||| Stepping randomly (stuck).
  3227 | D:3      | 3227 ||| Stepping randomly (stuck).
  3228 | D:3      | 3228 ||| Stepping randomly (stuck).
  3229 | D:3      | 3229 ||| Stepping randomly (stuck).
  3230 | D:3      | 3230 ||| Stepping randomly (stuck).
  3231 | D:3      | 3231 ||| Stepping randomly (stuck).
  3232 | D:3      | 3232 ||| Stepping randomly (stuck).
  3233 | D:3      | 3233 ||| Stepping randomly (stuck).
  3234 | D:3      | 3234 ||| Stepping randomly (stuck).
  3235 | D:3      | 3235 ||| Stepping randomly (stuck).
  3236 | D:3      | 3236 ||| Stepping randomly (stuck).
  3237 | D:3      | 3237 ||| Stepping randomly (stuck).
  3238 | D:3      | 3238 ||| Stepping randomly (stuck).
  3239 | D:3      | 3239 ||| Stepping randomly (stuck).
  3240 | D:3      | 3240 ||| Stepping randomly (stuck).
  3241 | D:3      | 3241 ||| Stepping randomly (stuck).
  3242 | D:3      | 3242 ||| Stepping randomly (stuck).
  3243 | D:3      | 3243 ||| Stepping randomly (stuck).
  3244 | D:3      | 3244 ||| Stepping randomly (stuck).
  3245 | D:3      | 3245 ||| Stepping randomly (stuck).
  3246 | D:3      | 3246 ||| Stepping randomly (stuck).
  3247 | D:3      | 3247 ||| Stepping randomly (stuck).
  3248 | D:3      | 3248 ||| Stepping randomly (stuck).
  3249 | D:3      | 3249 ||| Stepping randomly (stuck).
  3250 | D:3      | 3250 ||| Stepping randomly (stuck).
  3251 | D:3      | 3251 ||| Stepping randomly (stuck).
  3252 | D:3      | 3252 ||| Stepping randomly (stuck).
  3253 | D:3      | 3253 ||| Stepping randomly (stuck).
  3254 | D:3      | 3254 ||| Stepping randomly (stuck).
  3255 | D:3      | 3255 ||| Stepping randomly (stuck).
  3256 | D:3      | 3256 ||| Stepping randomly (stuck).
  3257 | D:3      | 3257 ||| Stepping randomly (stuck).
  3258 | D:3      | 3258 ||| Stepping randomly (stuck).
  3259 | D:3      | 3259 ||| Stepping randomly (stuck).
  3260 | D:3      | 3260 ||| Stepping randomly (stuck).
  3261 | D:3      | 3261 ||| Stepping randomly (stuck).
  3262 | D:3      | 3262 ||| Stepping randomly (stuck).
  3263 | D:3      | 3263 ||| Stepping randomly (stuck).
  3264 | D:3      | 3264 ||| Stepping randomly (stuck).
  3265 | D:3      | 3265 ||| Stepping randomly (stuck).
  3266 | D:3      | 3266 ||| Stepping randomly (stuck).
  3267 | D:3      | 3267 ||| Stepping randomly (stuck).
  3268 | D:3      | 3268 ||| Stepping randomly (stuck).
  3269 | D:3      | 3269 ||| Stepping randomly (stuck).
  3270 | D:3      | 3270 ||| Stepping randomly (stuck).
  3271 | D:3      | 3271 ||| Stepping randomly (stuck).
  3272 | D:3      | 3272 ||| Stepping randomly (stuck).
  3273 | D:3      | 3273 ||| Stepping randomly (stuck).
  3274 | D:3      | 3274 ||| Stepping randomly (stuck).
  3275 | D:3      | 3275 ||| Stepping randomly (stuck).
  3276 | D:3      | 3276 ||| Stepping randomly (stuck).
  3277 | D:3      | 3277 ||| Stepping randomly (stuck).
  3278 | D:3      | 3278 ||| Stepping randomly (stuck).
  3279 | D:3      | Quit the game

Levels and vault maps discovered:
D:1:      saegor_arrival_miasma, layout_loops_ring
D:2:      layout_basic, ebering_ecumenical_altar_ruins
D:3:      layout_rooms, mainiacjoe_overflow_catwalk_spiral,
          nicolae_qazlal_style_of_elements, palyth_stone_intersect, st_stairs_8,
          minmay_ruptured, uniq_natasha

Skill      XL: |  1  2  3  4  5 |
---------------+----------------+-----
Axes           | 2 3 4 |  4.8
Throwing       | 1 |  1.1
Fighting       | |  3.2
Armour         | |  3.2
Shields        | |  3.2

Action                   |  1- 3 |  4- 6 || total
-------------------------+-------+-------++-------
Melee: War axe           |   115 |    84 ||   199
Throw: Javelin           |       |     2 ||     2
  Use: Scroll            |     7 |     2 ||     9
       Potion            |     1 |     1 ||     2
Armor: Scale mail        |    56 |    78 ||   134
Dodge: Dodged            |    41 |    62 ||   103
Block: Buckler           |    25 |    21 ||    46

Table legend:
 A = Non-vault XP
 B = Vault XP
 C = Vault XP percentage of total XP
 D = Non-vault monster count
 E = Vault monster count
 F = Vault count percentage of total count
                 A         B        C        D         E       F
            +---------+---------+-------+---------+---------+-------
      Total |     211 |      38 |  15.3 |      58 |       3 |   4.9
            +---------+---------+-------+---------+---------+-------
        D:1 |      51 |       0 |   0.0 |      30 |       0 |   0.0
        D:2 |      41 |       0 |   0.0 |      18 |       0 |   0.0
        D:3 |     119 |      38 |  24.2 |      10 |       3 |  23.1
            +---------+---------+-------+---------+---------+-------
